 Dungeon Crawl Stone Soup version bcrawl-1.22 (webtiles) character file.

Game seed: 5562871328779229581

67 Morbidden the Ducker (level 3, -2/21 HPs)
             Began as a Skeleton Archaeologist on May 18, 2020.
             Was an Initiate of Cheibriados.
             Killed by divine providence
             ... invoked by an orc priest
              (10 damage)
             ... on level 2 of the Dungeon.
             The game lasted 00:03:07 (2246 turns).

Morbidden the Ducker (Skeleton Archaeologist)       Turns: 2246, Time: 00:03:08

Health: -2/21      AC: 13    Str: 19      XL:     3   Next: 98%
Magic:  0/5        EV:  7    Int: 12 (13) God:    Cheibriados [......]
Gold:   100        SH:  0    Dex:  7 (8)  Spells: 5/5 levels left

rFire    . . .     SeeInvis .   m - +0 long sword
rCold    + . .     Gourm    .   (no shield)
rNeg     + + +     Faith    .   j - +0 plate armour
rPois    ∞         Spirit   +   c - +1 hat
rElec    .         Reflect  .   (no cloak)
rCorr    .         Harm     .   (no gloves)
MR       .....                  d - +1 pair of boots
Stlth    ..........             (no amulet)
HPRegen  0.07/turn              (no ring)
MPRegen  0.09/turn              (no ring)

@: very slow
A: no food or potions, cold resistance 1, deterioration 1, negative energy
resistance 3, torment resistance, unbreathing, magic shield, sturdy frame 1,
spell healing
a: Bend Time, Renounce Religion


You were on level 2 of the Dungeon.
You worshipped Cheibriados.
Cheibriados was noncommittal.
You were not hungry.

You visited 1 branch of the dungeon, and saw 3 of its levels.

You collected 100 gold pieces.

Inventory:

Hand Weapons
 m - a +0 long sword (weapon)
Armour
 c - a +1 hat (worn)
 d - a +1 pair of boots (worn)
 j - a +0 plate armour (worn)
Scrolls
 b - a scroll of teleportation {unknown}
 e - a scroll of magic mapping
 g - a scroll of remove curse
 h - 2 scrolls of identify
 i - a scroll of fog {unknown}
 k - a scroll of noise {unknown}
 l - a scroll of amnesia {unknown}
Miscellaneous
 f - a dusty tome


   Skills:
 * Level 2.0 Fighting
   Level 2.2 Maces & Flails
 + Level 0.5 Armour
 + Level 3.7 Dodging
 - Level 3.6 Stealth
 * Level 1.6 Spellcasting


You had 5 spell levels left.
You didn't know any spells.
Your spell library was empty.

Dungeon Overview and Level Annotations

Branches:
Dungeon (3/12)

Altars:
Ashenzari
Cheibriados


Innate Abilities, Weirdness & Mutations

You do not eat or drink.
You are immune to poison.
Your flesh is cold resistant. (rC+)
Your body sometimes deteriorates upon taking damage.
You are immune to negative energy. (rN+++)
You are immune to unholy pain and torment.
You can survive without breathing.
When hurt, damage is shared between your health and your magic reserves.
Your movements are slightly less encumbered by armour. (ER -2)
Casting spells heals you.


Message History

The orc hits you but does no damage. The giant cockroach closely misses you.
The orc priest hits you but does no damage.
Unknown command.
Unknown command.
Unknown command.
You hit the orc priest but do no damage.
The orc priest is severely wounded.
The giant cockroach bites you but does no damage.
The orc hits you but does no damage.
The orc priest hits you but does no damage.
The giant cockroach barely misses you. The orc hits you but does no damage.
Unknown command.
You closely miss the orc priest.
The orc priest is severely wounded.
The orc priest barely misses you.
The giant cockroach bites you but does no damage.
The orc hits you but does no damage.
The orc priest mumbles some strange prayers to Beogh against you.
Beogh smites you!
You die...

......### #.#
......###### ##.#
...........#######..###
..#............##.....##
..##...................##
..##....................#
...#....................#
.................o......#
................@o......#
.................s......#
)#......................#
.......##.......<.......#
##.#[..###..............#
#.##### #####.##.......#
#...### #.##.......#
###...# #.##.......#
##############.##.......#


You could see an orc priest, an orc and a giant cockroach.

Vanquished Creatures
  An adder (D:2)
  An ooze (D:1)
  2 worms (D:2)
  3 leopard geckos
  2 ball pythons (D:1)
  3 bats
  2 giant cockroaches
  2 goblins
  3 hobgoblins
  6 jackals
  11 kobolds
  3 frilled lizards (D:1)
  3 rats
42 creatures vanquished.

Notes
Turn   | Place    | Note
-------+----------+-------------------------------------------
     0 | D:1      | Morbidden the Skeleton Archaeologist began the quest for
                  | the Orb.
     0 | D:1      | Reached XP level 1. HP: 12/12 MP: 1/1
   323 | D:1      | Reached XP level 2. HP: 16/16 MP: 2/2
   324 | D:1      | Found a shattered altar of Ashenzari.
   771 | D:1      | Reached skill level 1 in Spellcasting
  1156 | D:1      | Reached XP level 3. HP: 16/20 MP: 2/4
  2195 | D:2      | Found a snail-covered altar of Cheibriados.
  2204 | D:2      | Became a worshipper of Cheibriados the Contemplative
  2246 | D:2      | Killed from afar by an orc priest

Skill      XL: |  1  2  3 |
---------------+----------+-----
Spellcasting   | 1 |  1.6
Maces & Flails | 2 |  2.2
Fighting       | 2 |  2.0
Armour         | |  0.5
Dodging        | |  3.7
Stealth        | |  3.6

Action                   || total
-------------------------++-------
Melee: Whip              ||   243
       Long sword        ||    17
  Use: Scroll            ||     1
 Stab: Sleeping          ||     5
Armor: Robe              ||    23
       Plate armour      ||   195
Dodge: Dodged            ||   133
